 Dungeon Crawl Stone Soup version 0.27.0-1-g7a089689b8 (webtiles) character file.

Game seed: 5469396593236099811

48 Descartes the Sneak (level 3, -1/17 HPs)
             Began as a Felid Wanderer on Aug 1, 2021.
             Slain by an orc (4 damage)
             ... on level 3 of the Dungeon.
             The game lasted 00:03:32 (3145 turns).

Descartes the Sneak (Felid Wanderer)                Turns: 3145, Time: 00:03:33

Health: -1/17      AC:  1    Str:  6    XL:     3   Next: 50%
Magic:  4/4        EV: 18    Int: 15    God:
Gold:   77         SH:  0    Dex: 16    Spells: 2/2 levels left
                                        Lives:  0   Deaths: 1

rFire    . . .     SeeInvis +     - Unarmed
rCold    . . .     Faith    .   (shield unavailable)
rNeg     . . .     Spirit   .   (armour unavailable)
rPois    .         Reflect  .   (helmet unavailable)
rElec    .         Harm     .   (cloak unavailable)
rCorr    .         Rampage  .   (gloves unavailable)
Will     .....                  (boots unavailable)
Stlth    +++.......             (no amulet)
HPRegen  0.05/turn              (no ring)
MPRegen  0.09/turn              (no ring)

@: quick
A: very small, claws 1, fangs 3, see invisible, speed 1, shaggy fur 1, stealthy
paws, no weapons or thrown items, no armour, multi-lived
a: no special abilities


You were on level 3 of the Dungeon.
You visited 1 branch of the dungeon, and saw 3 of its levels.

You collected 77 gold pieces.

Inventory:

Jewellery
 g - a ring of magical power
Scrolls
 a - a scroll of fear
 c - 3 scrolls of teleportation
 d - 3 scrolls of identify {unknown}
 f - a scroll of brand weapon {unknown}
 i - a scroll of blinking {unknown}
 j - a scroll of amnesia {unknown}
Potions
 b - 3 potions of lignification
 e - a potion of heal wounds {unknown}
 h - a potion of degeneration {unknown}


   Skills:
 - Level 3.0 Fighting
 + Level 3.4 Dodging
 + Level 5.4 Stealth
 + Level 3.9 Unarmed Combat


You had 2 spell levels left.
You didn't know any spells.
Your spell library was empty.

Dungeon Overview and Level Annotations

Branches:
Dungeon (3/15)

Altars:


Innate Abilities, Weirdness & Mutations

You have sharp claws.
You have razor-sharp teeth.
You have supernaturally acute eyesight. (SInv)
You cover ground quickly. (Speed+)
You are covered in fur. (AC +1)
Your paws help you pounce on unaware monsters.
You are incapable of wielding weapons or throwing items.
You cannot wear armour.
You gain extra lives every three experience levels.


Message History

The orc closely misses you. x2
You climb upwards.
There is a stone staircase leading down here.
You scratch the orc.
The orc is lightly wounded.
The orc misses you. x2
You scratch the orc.
The orc is severely wounded.
The orc completely misses you. The orc barely misses you.
You closely miss the orc.
The orc is severely wounded.
The orc hits you with a +0 whip. The orc closely misses you.
You scratch the orc.
You kill the orc!
The orc barely misses you.
Things that are here:
a +0 hand axe; a +0 ring mail An orc is nearby!
You scratch the orc. You bite the orc, but do no damage.
The orc is heavily wounded.
The orc hits you with a +0 whip.
You scratch the orc.
You kill the orc!
Things that are here:
a +0 whip; a +0 leather armour; an orc corpse
Things that are here:
a +0 hand axe; a +0 ring mail
There is a stone staircase leading down here.
You climb downwards.
An orc comes into view. It is wielding a +0 whip.
The ball python bites you. The ball python barely misses you.
The orc hits you with a +0 dagger. The orc closely misses you.
The orc misses you. The ball python bites you. The ball python grabs you.
The ball python constricts you. The orc hits you with a +0 dagger.
* * * LOW HITPOINT WARNING * * *
There is a stone staircase leading up, spattered with blood here.
You escape the ball python's grasp.
The orc hits you with a +0 club.
* * * LOW HITPOINT WARNING * * *
The orc hits you with a +0 short sword.
You die...

........# ...
.# ....... .#.
# ## . .. ....
#. ..... #.
...... #.
......
#.###......
####..@o......
#....ooS......
#.............
#.....o.......
#.............
#####.........
#.../.....
..........
.....###.


You could see 4 orcs and a ball python.

Vanquished Creatures
  An orc priest (D:3)
  An adder (D:2)
  A dart slug (D:1)
  8 orcs
  4 endoplasms (D:1)
  2 giant cockroaches
  4 goblins
  3 hobgoblins (D:1)
  5 kobolds
  4 quokkas
  A ball python (D:1)
  4 bats
  9 frilled lizards
  2 rats
49 creatures vanquished.

Notes
Turn   | Place    | Note
-------+----------+-------------------------------------------
     0 | D:1      | Descartes the Felid Wanderer began the quest for the Orb.
     0 | D:1      | Descartes set off with the following items: a scroll of
                  | fear, a potion of lignification, a scroll of teleportation
     0 | D:1      | Reached XP level 1. HP: 10/10 MP: 2/2
   326 | D:1      | Reached XP level 2. HP: 14/14 MP: 3/3
  1039 | D:1      | Reached XP level 3. HP: 17/17 MP: 4/4
  2332 | D:3      | Reached skill level 5 in Stealth
  2366 | D:3      | Reached XP level 4. HP: 16/21 MP: 5/5
  2926 | D:2      | Killed from afar by an orc wizard
  2927 | D:2      | Reached XP level 3. HP: 0/17 MP: 4/4
  3145 | D:3      | Slain by an orc

Illustrated notes

Levels and vault maps discovered:
D:1:      psy_arrival_fountain, layout_loops_cross, serial_co_window_serial,
          co_window_corner_a, co_window_of_opportunity_a,
          co_window_of_opportunity_a, co_window_corner_a, co_window_corner_a,
          co_window_corner_b, co_window_cross_2, co_window_unsneaky_path_c,
          co_window_4corner_b, glass_columns_a, glass_columns_a
D:2:      layout_loops_ring, kennysheep_pointless_box, minmay_liquid_box
D:3:      layout_basic, serial_shops, shop

Skill      XL: |  1  2  3 |
---------------+----------+-----
Dodging        | 2 3 |  3.4
Stealth        | 5 |  5.4
Fighting       | |  3.0
Unarmed Combat | |  3.9

Action                   |  1- 3 |  4- 6 || total
-------------------------+-------+-------++-------
Melee: Unarmed           |    95 |    29 ||   124
       Bite              |     5 |     2 ||     7
       Punch             |     3 |       ||     3
 Stab: Sleeping          |    16 |       ||    16
       Distracted        |     1 |       ||     1
Armor: Skin              |     8 |     1 ||     9
Dodge: Dodged            |    64 |    22 ||    86
